 Dungeon Crawl Stone Soup version 0.29-a0-838-g385bb11a5b (webtiles) character file.

Game seed: 11267644002363641007

2858 gruber the Destroyer (level 9, -5/50 HPs)
             Began as a Tengu Conjurer on July 13, 2022.
             Was a Believer of Vehumet.
             Shot with an arrow by a centaur (7 damage)
             ... on level 7 of the Dungeon.
             The game lasted 00:07:35 (7088 turns).

gruber the Destroyer (Tengu Conjurer)               Turns: 7088, Time: 00:07:36

Health: -5/50      AC:  2    Str:  7    XL:     9   Next: 75%
Magic:  20/20      EV: 20    Int: 23    God:    Vehumet [**....]
Gold:   275        SH:  0    Dex: 19    Spells: 19/22 levels left

rFire   . . .      SeeInvis .   x - +2 whip (freeze)
rCold   + . .      Faith    .   (no shield)
rNeg    . . .      Spirit   .   a - +0 robe
rPois   .          Reflect  .   w - +0 hat
rElec   .          Harm     .   (no cloak)
rCorr   .          Rampage  .   (no gloves)
Will    .....                   (boots unavailable)
Stlth   ++........              f - amulet of magic regeneration
HPRegen 0.16/turn               r - ring of protection from cold
MPRegen 0.57/turn               E - +6 ring of dexterity

@: flying quickly and evasively, quick
A: beak, talons 3, nimble flight
a: Renounce Religion


You were on level 7 of the Dungeon.
You worshipped Vehumet.
Vehumet was pleased with you.
You visited 1 branch of the dungeon, and saw 7 of its levels.

You collected 275 gold pieces.

Inventory:

Hand Weapons
 x - a +2 whip of freezing (weapon)
Missiles
 A - a throwing net
Armour
 a - a +0 robe (worn)
 w - a +0 hat (worn)
Jewellery
 f - an amulet of magic regeneration (around neck)
 r - a ring of protection from cold (left hand)
 E - a +6 ring of dexterity (right hand)
Wands
 s - a wand of flame (31)
Scrolls
 g - 3 scrolls of fear {unknown}
 i - a scroll of magic mapping {unknown}
 j - 5 scrolls of identify {unknown}
 n - a scroll of torment {unknown}
 o - 3 scrolls of teleportation
 p - 3 scrolls of acquirement {unknown}
 q - 2 scrolls of blinking {unknown}
 u - a scroll of enchant armour {unknown}
 v - a scroll of immolation {unknown}
 y - a scroll of poison {unknown}
 F - a scroll of vulnerability {unknown}
Potions
 b - a potion of magic
 c - a potion of flight {unknown}
 d - 2 potions of lignification
 e - 3 potions of heal wounds {unknown}
 h - 2 potions of mutation {unknown}
 k - a potion of haste
 l - 2 potions of berserk rage {unknown}
 m - 3 potions of might {unknown}
 t - 2 potions of brilliance {unknown}
 z - 2 potions of degeneration {unknown}
 B - a potion of cancellation {unknown}
 C - 3 potions of curing {unknown}
 D - a potion of attraction {unknown}


   Skills:
 * Level 3.0 Fighting
 - Level 8.2 Dodging
 - Level 2.0 Stealth
 - Level 7.0 Spellcasting
 - Level 11.0 Conjurations


You had 19 spell levels left.
You knew the following spells:

 Your Spells              Type           Power      Damage    Failure   Level
a - Magic Dart            Conj           100%       1d8       1%          1
b - Searing Ray           Conj           100%       2d8       1%          2

Your spell library contained the following spells:

 Spells                   Type           Power      Damage    Failure   Level
 Static Discharge         Conj/Air       33%        3-8/arc   1%          2
 Dazzling Flash           Conj/Hex       66%        N/A       2%          3
 Fulminant Prism          Conj/Hex       16%        3d11      8%          4
 Iskenderun's Mystic Bla  Conj/Tloc      33%        2d8       8%          4
 Ensorcelled Hibernation  Hex/Ice        16%        N/A       12%         2
 Passwall                 Tmut/Erth      6%         N/A       12%         2
 Swiftness                Air            8%         N/A       22%         3
 Agony                    Necr           8%         N/A       91%         5
 Silence                  Hex/Air        4%         N/A       91%         5


Dungeon Overview and Level Annotations

Branches:
Dungeon (7/15)             Temple (0/1) D:6

Altars:
Hepliaklqana
Nemelex Xobeh
Uskayaw
Vehumet

Shops:
D:7 ?!?:

Portals:
Abyss: D:6

Annotations:
D:6 2 transporters, Armakuni's ghost, novice DgGl


Innate Abilities, Weirdness & Mutations

You have a beak for a mouth.
You have claws for feet.
Your magical nature lets you fly swiftly and evasively.


Message History

There is an open door here.
You see here a water moccasin corpse.
E - a +6 ring of dexterity You feel agile.
E - a +6 ring of dexterity (right hand)
F - a scroll labelled ZAFEC ETHRODD
C - 3 bubbling coppery potions (gained 1)
A centaur comes into view.
A centaur is nearby!
A centaur is nearby! 2 centaurs come into view.
A centaur comes into view.
The centaur shouts! x2
The centaur wields a +0 shortbow.
The centaur shoots an arrow.
The arrow closely misses you.
The centaur wields a +0 shortbow.
The centaur shoots an arrow.
The arrow misses you.
The centaur shoots an arrow.
The arrow completely misses you.
You hear a shout!
The centaur shoots an arrow.
The arrow hits you.
The centaur wields a +0 shortbow.
The centaur shoots an arrow.
The arrow hits you!
The centaur shoots an arrow.
The arrow hits you!
The centaur shoots an arrow.
The arrow misses you.
A centaur comes into view.
The centaur shoots an arrow.
The arrow closely misses you.
The centaur shoots an arrow.
The arrow misses you.
The centaur shoots an arrow.
The arrow hits you!
* * * LOW HITPOINT WARNING * * *
The centaur shoots an arrow.
The arrow hits you!
* * * LOW HITPOINT WARNING * * *
The centaur shoots an arrow.
The arrow completely misses you.
You hear a shout!
The centaur attacks as you move away!
The centaur unwields a +0 shortbow.
The centaur barely misses you. The centaur misses you.
The centaur wields a +0 shortbow.
The centaur shoots an arrow.
The arrow completely misses you.
The centaur shoots an arrow.
The arrow hits you.
* * * LOW HITPOINT WARNING * * *
The centaur shoots an arrow.
The arrow misses you.
The centaur shoots an arrow.
The arrow hits you!
You die...

...##.......###...
+.......##.......######
#.......##.............
#.......###............
#.......# #............
##.......###............
.....≈≈≈≈≈≈#............
##≈≈≈≈≈≈≈≈≈≈≈..........
#≈≈≈≈≈@.≈≈≈≈≈≈.........
≈≈≈≈≈≈.####c≈≈≈≈........
≈≈≈≈≈≈. ##c≈≈≈≈.......
≈≈≈≈≈≈. ##cc≈≈≈.......
≈≈≈≈≈.. #...≈≈≈.......
≈≈≈≈≈.. #.cc.≈≈≈≈.#####
≈≈≈≈≈.. #...≈≈≈≈≈.#
≈≈≈≈≈.. .....≈≈≈≈≈.#
.....≈≈≈≈≈≈.#


You could see a centaur.

Vanquished Creatures
  Sigmund (D:2)
  A wyvern (D:7)
  2 water moccasins
  2 orc warriors (D:6)
  An ice beast (D:6)
  3 black bears
  2 ogres
  A phantom (D:6)
  A necrophage (D:6)
  6 scorpions
  5 jellies
  5 hounds
  2 gnoll boudas
  5 orc priests
  Jessica (D:2)
  An iguana (D:6)
  Natasha (thrice) (D:2)
  5 orc wizards
  Robin (D:4)
  17 gnolls
  7 adders
  3 white imps (D:6)
  2 ufetubi
  2 worms (D:3)
  2 dart slugs (D:2)
  24 orcs
  3 bats
  6 endoplasms
  2 giant cockroaches
  12 goblins
  13 hobgoblins
  5 kobolds
  4 quokkas
  10 ball pythons
  6 frilled lizards
  5 rats
  A spectral kobold (D:6)
172 creatures vanquished.

Vanquished Creatures (others)
  5 plants (D:3)
5 creatures vanquished.

Grand Total: 177 creatures vanquished

Notes
Turn   | Place    | Note
-------+----------+-------------------------------------------
     0 | D:1      | gruber the Tengu Conjurer began the quest for the Orb.
     0 | D:1      | Reached XP level 1. HP: 10/10 MP: 4/4
   139 | D:1      | Reached XP level 2. HP: 15/15 MP: 0/6
   320 | D:1      | Reached skill level 6 in Conjurations
  1004 | D:2      | Reached XP level 3. HP: 15/19 MP: 3/7
  1078 | D:2      | Noticed Sigmund
  1147 | D:1      | Learned a level 2 spell: Searing Ray
  1276 | D:2      | Killed Sigmund
  1277 | D:2      | Reached skill level 8 in Conjurations
  1277 | D:2      | Reached XP level 4. HP: 2/24 MP: 2/9
  1277 | D:2      | Gained mutation: Your magical nature lets you fly swiftly
                  | and evasively. [Tengu growth]
  1277 | D:2      | Reached XP level 5. HP: 3/28 MP: 2/10
  1562 | D:2      | Noticed Natasha
  1567 | D:2      | Killed Natasha
  1599 | D:2      | Noticed Natasha
  1609 | D:2      | Killed Natasha
  1610 | D:2      | Reached XP level 6. HP: 20/32 MP: 3/11
  1615 | D:2      | Noticed Natasha
  1625 | D:2      | Killed Natasha
  1982 | D:2      | Found a faded altar of an unknown god.
  1982 | D:2      | Noticed Jessica
  1984 | D:2      | Killed Jessica
  2124 | D:3      | Reached skill level 9 in Conjurations
  2599 | D:3      | Found a sparkling altar of Nemelex Xobeh.
  2619 | D:3      | Reached XP level 7. HP: 36/36 MP: 3/13
  3019 | D:4      | Noticed Robin
  3041 | D:4      | Killed Robin
  3177 | D:4      | Found a radiant altar of Vehumet.
  3252 | D:4      | Became a worshipper of Vehumet
  3373 | D:4      | Reached skill level 10 in Conjurations
  3837 | D:4      | Found a hide-covered altar of Uskayaw.
  4060 | D:5      | Entered Level 5 of the Dungeon
  4085 | D:5      | Reached skill level 5 in Spellcasting
  4415 | D:5      | Identified the +0 helmet "Touse" {rElec rC- Int+4}
  4458 | D:5      | Reached XP level 8. HP: 41/41 MP: 10/16
  4749 | D:5      | Reached * piety under Vehumet
  4749 | D:5      | Offered knowledge of Freeze by Vehumet.
  5218 | D:6      | Reached skill level 11 in Conjurations
  5461 | D:6      | Found a transporter.
  5478 | D:6      | Found a transporter.
  5503 | D:6      | Found a staircase to the Ecumenical Temple.
  6103 | D:6      | Found a hazy altar of Hepliaklqana.
  6145 | D:6      | Reached XP level 9. HP: 45/45 MP: 16/20
  6183 | D:6      | Offered knowledge of Poisonous Vapours by Vehumet.
  6220 | D:6      | Reached ** piety under Vehumet
  6221 | D:6      | Reached skill level 5 in Dodging
  6498 | D:6      | Found a one-way gate to the infinite horrors of the Abyss.
  6498 | D:6      | Noticed Armakuni's ghost (novice DgGl)
  6690 | D:7      | Found Imulidd's Magic Scroll Shop.
  6693 | D:7      | Found Gelomeni's Magic Scroll Emporium.
  6695 | D:7      | Found Tued's Distillery.
  6695 | D:7      | Found Iplod's Book Shop.
  6862 | D:7      | Reached skill level 1 in Fighting
  7012 | D:7      | Offered knowledge of Static Discharge by Vehumet.
  7087 | D:7      | HP: 2/50 [centaur/arrow (3)]
  7088 | D:7      | Shot with an arrow by a centaur

Illustrated notes

Levels and vault maps discovered:
D:1:      amcnicky_arrival_flooded_fountain, layout_loops_ring,
          serial_park_tiny_pond
D:2:      layout_rooms, shapermc_ecumenical_altar_mp_highgroup, uniq_natasha,
          uniq_sigmund, uniq_jessica
D:3:      layout_basic, nemelex_xobeh_ov_fountains_minmay, nicolae_grassy_gnolls
D:4:      layout_loops_ring, nicolae_uskayaw_suspiria, vehumet_altar_wand_db,
          uniq_robin
D:5:      layout_loops_ring
D:6:      minmay_octagon_keep, layout_loops_corners,
          nicolae_hepliaklqana_monster_ancestors,
          minmay_temple_entry_large_hall, gammafunk_ghost_abyssal_escape,
          enter_ossuary_2
D:7:      layout_basic, nicolae_wooded_promenade, centaur_isle

Skill      XL: |  1  2  3  4  5  6  7  8  9 |
---------------+----------------------------+-----
Conjurations   | 6 8 9 10 11 | 11.0
Spellcasting   | 3 5 7 |  7.0
Dodging        | 4 8 |  8.2
Fighting       | 3 |  3.0
Stealth        | |  2.0

Action                   |  1- 3 |  4- 6 |  7- 9 || total
-------------------------+-------+-------+-------++-------
Melee: Unarmed           |       |     2 |     3 ||     5
       Peck              |       |     1 |       ||     1
       Kick              |       |       |     1 ||     1
 Cast: Magic Dart        |    40 |    52 |   100 ||   192
       Searing Ray       |     4 |    16 |    55 ||    75
  Use: Potion            |       |       |     1 ||     1
Armor: Robe              |     4 |     1 |     4 ||     9
Dodge: Dodged            |     3 |     6 |    57 ||    66

Table legend: (Time is in decaauts)
 A = Elapsed time spent in this place.
 B = Non-inter-level travel time spent in this place.
 C = Inter-level travel time spent in this place.
 D = Time resting spent in this place.
 E = Time spent auto-exploring this place.
 F = Levels seen in this place.
 G = Mean time per level.
                   A        B        C        D        E       F      G
               +--------+--------+--------+--------+--------+-----+--------+
         Total |   6740 |   6417 |    323 |      6 |   5614 |   7 |  962.9 |
       Dungeon |   6740 |   6417 |    323 |      6 |   5614 |   7 |  962.9 |
               +--------+--------+--------+--------+--------+-----+--------+

Top non-repeatable levels by time:
     D:6: 1391 daAuts
     D:1: 1124 daAuts
     D:5: 1068 daAuts
     D:4: 1001 daAuts
     D:2: 936 daAuts
     D:3: 829 daAuts
     D:7: 389 daAuts
